 Dungeon Crawl Stone Soup version 0.29.0-4-gdea44cf6ec (webtiles) character file.

Game seed: 15799921059800360079

7723 qw the Grappler (level 11, -11/107 HPs)
             Began as a Troll Cinder Acolyte on Sept 3, 2022.
             Was a Believer of Ignis.
             Mangled by a black mamba (13 damage)
             ... on level 1 of the Lair of Beasts.
             The game lasted 00:04:12 (6372 turns).

qw the Grappler (Troll Cinder Acolyte)              Turns: 6372, Time: 00:04:12

Health: -11/107    AC: 16    Str: 27    XL:     11   Next: 0%
Magic:  11/11      EV: 13    Int:  9    God:    Ignis [**....]
Gold:   564        SH:  0    Dex:  9    Spells: 12/12 levels left

rFire   + + .      SeeInvis .     - Unarmed
rCold   . . .      Faith    .   (no shield)
rNeg    . . .      Spirit   .   h - +0 acid dragon scales
rPois   .          Reflect  .   (helmet restricted)
rElec   .          Harm     .   l - +0 cloak
rCorr   +          Rampage  .   (gloves unavailable)
Will    .....                   (boots unavailable)
Stlth   +.........              (no amulet)
HPRegen 1.07/turn               s - ring of protection from fire
MPRegen 0.12/turn               o - +4 ring of evasion

@: lethally poisoned (-11 -> -11), about to teleport, fiery-armoured
A: large, unfitting armour, claws 3, regeneration 1, shaggy fur 1, tough skin 1,
agile 1, wild magic 1
a: Renounce Religion, Fiery Armour, Foxfire Swarm, Rising Flame


You were on level 1 of the Lair of Beasts.
You worshipped Ignis.
Ignis was pleased with you.
You visited 2 branches of the dungeon, and saw 9 of its levels.
You also visited: Ossuary.

You collected 564 gold pieces.


Innate Abilities, Weirdness & Mutations

You are too large for most types of armour.
You have claws for hands.
Your natural rate of healing is unusually fast.
You are covered in fur. (AC +1)
You have tough skin. (AC +1)
You are agile. (Dex +4, Str/Int -1)
Your spells are a little harder to cast, but a little more powerful.


   Skills:
 - Level 6.5 Fighting
 - Level 1.6 Throwing
 - Level 2.5 Armour
 - Level 2.1 Dodging
 + Level 14.7 Unarmed Combat
 - Level 1.0 Spellcasting
 - Level 2.1 Fire Magic


You had 12 spell levels left.
You didn't know any spells.
Your spell library contained the following spells:

 Spells                   Type           Power      Damage    Failure   Level
 Scorch                   Fire           10%        2d5       34%         2

Inventory:

Missiles
 g - 3 boomerangs (quivered)
Armour
 h - +0 acid dragon scales (worn)
 l - a +0 cloak (worn)
Jewellery
 o - a +4 ring of evasion (right claw)
 s - a ring of protection from fire (left claw)
 t - a ring of positive energy
Scrolls
 c - a scroll of brand weapon
 e - a scroll of identify
Potions
 a - 3 potions of mutation
 b - a potion of heal wounds
 f - a potion of resistance
 i - 2 potions of curing
 j - a potion of haste
 n - a potion of brilliance {unknown}
 p - a potion of invisibility {unknown}
 q - a potion of cancellation {unknown}
 r - a potion of might

Dungeon Overview and Level Annotations

Branches:
Dungeon (8/15)             Temple (0/1) D:7            Lair (1/5) D:8
Ossuary (visited)

Altars:
Ashenzari
Cheibriados
Dithmenos
Elyvilon
Fedhas
Hepliaklqana
Trog
Uskayaw
Vehumet
Wu Jian
Xom
Zin

Annotations:
D:5 1 runed translucent door, Crazy Yiuf


Message History

The water moccasin is burned by your cloak of flames.
The water moccasin is severely wounded.
The yak gores you.
The yak is burned by your cloak of flames.
The yak is heavily wounded.
The yak gores you but does no damage.
The yak is burned by your cloak of flames.
The yak is moderately wounded.
The black mamba bites you but does no damage.
The black mamba is burned by your cloak of flames.
The black mamba is lightly wounded.
The water moccasin bites you but does no damage.
The water moccasin is burned by your cloak of flames.
The water moccasin is severely wounded.
You closely miss the water moccasin.
The water moccasin is severely wounded.
You feel sick.
The water moccasin bites you but does no damage.
The water moccasin is burned by your cloak of flames.
The water moccasin is almost dead.
The black mamba barely misses you. The water moccasin closely misses you.
You closely miss the water moccasin.
The water moccasin is almost dead.
You feel sick. The water moccasin misses you. The black mamba bites you.
The black mamba is burned by your cloak of flames.
The black mamba is lightly wounded.
The yak gores you!
The yak is burned by your cloak of flames.
The yak is moderately wounded.
The yak gores you!
The yak is burned by your cloak of flames.
The yak is heavily wounded.
The water moccasin bites you but does no damage.
The water moccasin is burned by your cloak of flames.
The water moccasin is almost dead.
6372 ||| READING scroll of teleportation.
As you read the scroll of teleportation, it crumbles to dust.
You feel strangely unstable.
You feel sick. The black mamba bites you!
You die...

####... .......
#.....# .......
###...... .......
##......#P .......
###......P## .......
##.......### ..!....
###.......##
......S###..#.....#.#
......Y@#...#....####
.....[SSY..#....##
.........##...)##
........##....##
.............##
......... .###
....>.... ..........
.......


You could see a black mamba, 2 yaks and 2 water moccasins.

Vanquished Creatures
  3 death yaks (D:8)
  Pikel (D:5)
  Joseph (D:8)
  Maggie (D:7)
  Prince Ribbit (D:8)
  A shadow (D:5)
  10 yaks
  2 steam dragons
  Menkaure (D:6)
  A water moccasin (D:6)
  An orc warrior (D:6)
  2 black bears
  3 wolves (Lair:1)
  An ogre (D:5)
  3 centaurs
  2 phantoms
  A bullfrog (D:8)
  A necrophage (D:5)
  2 elf zombies (Ossuary)
  5 scorpions
  3 wights (D:7)
  2 howler monkeys
  A centaur zombie (Ossuary)
  A jelly (D:5)
  2 human zombies (Ossuary)
  4 hounds
  2 gnoll boudas
  An orc priest (D:6)
  2 iguanas
  Ijyb (D:5)
  11 orc wizards
  A statue (D:8)
  3 mummies
  8 gnolls
  2 adders (D:4)
  A shadow imp (D:6)
  2 white imps (D:7)
  2 adder zombies (Ossuary)
  A worm (D:3)
  3 dart slugs
  30 orcs
  4 endoplasms
  2 giant cockroaches (D:1)
  5 goblins
  7 hobgoblins
  11 jackals
  3 quokkas
  3 ball pythons
  4 bats
  A frilled lizard (D:1)
  2 goblin zombies (Ossuary)
  8 hobgoblin zombies (Ossuary)
  2 jackal zombies (Ossuary)
  8 kobolds
  10 kobold zombies (Ossuary)
  7 orc zombies (Ossuary)
  8 rats
  A rat zombie (Ossuary)
212 creatures vanquished.

Vanquished Creatures (others)
  An orc wizard (D:7)
  An orc (D:7)
2 creatures vanquished.

Grand Total: 214 creatures vanquished

Notes
Turn   | Place    | Note
-------+----------+-------------------------------------------
     0 | D:1      | qw the Troll Cinder Acolyte began the quest for the Orb.
     0 | D:1      | Reached XP level 1. HP: 22/22 MP: 1/1
     0 | D:1      | 0 ||| qw: Version: 0.1-a-100-g36b9a1f
     0 | D:1      | 0 ||| qw: Game counter: 5040
     0 | D:1      | 0 ||| qw: Always use a shield: true
     0 | D:1      | 0 ||| qw: God list: Okawaru
     0 | D:1      | 0 ||| qw: Allow faded altars: false
     0 | D:1      | 0 ||| qw: Do Orc after D:15 true
     0 | D:1      | 0 ||| qw: Do second Lair branch before Depths: true
     0 | D:1      | 0 ||| qw: Lair rune preference: random
     0 | D:1      | 0 ||| qw: Plans: Normal
     0 | D:1      | 0 ||| PLANNING D:1-11
    83 | D:1      | Found a faded altar of an unknown god.
   209 | D:1      | Reached XP level 2. HP: 24/29 MP: 2/2
   249 | D:1      | 249 ||| Stepping ~*~*~tactically~*~*~ (stealth).
   256 | D:1      | 256 ||| Stepping ~*~*~tactically~*~*~ (stealth).
   292 | D:1      | You fall into a shaft and drop 1 floor!
   292 | D:2      | Found a bloodstained altar of Trog.
   327 | D:1      | Reached skill level 4 in Unarmed Combat
   346 | D:1      | 346 ||| Stepping ~*~*~tactically~*~*~ (hiding).
   375 | D:1      | 375 ||| Stepping ~*~*~tactically~*~*~ (stealth).
   385 | D:1      | Reached XP level 3. HP: 36/36 MP: 3/3
   650 | D:2      | 650 ||| Stepping ~*~*~tactically~*~*~ (stealth).
   651 | D:2      | 651 ||| Stepping ~*~*~tactically~*~*~ (stealth).
  1074 | D:2      | 1074 ||| READING scroll labelled ESKIMMA NYUNINIPT.
  1075 | D:2      | 1075 ||| READING scroll labelled FELUOP KUIFOE.
  1076 | D:2      | 1076 ||| DRINKING 2 fizzy ruby potions.
  1106 | D:3      | 1106 ||| Stepping ~*~*~tactically~*~*~ (stealth).
  1158 | D:3      | 1158 ||| Stepping ~*~*~tactically~*~*~ (stealth).
  1221 | D:3      | 1221 ||| Stepping ~*~*~tactically~*~*~ (stealth).
  1222 | D:3      | 1222 ||| Stepping ~*~*~tactically~*~*~ (stealth).
  1225 | D:3      | 1225 ||| Stepping ~*~*~tactically~*~*~ (outnumbered).
  1245 | D:3      | Reached skill level 5 in Unarmed Combat
  1245 | D:3      | Reached XP level 4. HP: 29/44 MP: 4/4
  1609 | D:3      | 1609 ||| Stepping ~*~*~tactically~*~*~ (stealth).
  1788 | D:3      | 1788 ||| READING scroll labelled FEDAYSHREKA.
  1822 | D:4      | Noticed a scorpion
  1822 | D:4      | Noticed a black bear
  1823 | D:4      | 1823 ||| PLANNING OSSUARY
  1824 | D:4      | 1824 ||| Stepping ~*~*~tactically~*~*~ (stealth).
  1826 | D:4      | 1826 ||| INVOKING Fiery Armour.
  1831 | D:4      | Killed a scorpion
  1832 | D:4      | Reached XP level 5. HP: 50/50 MP: 5/5
  1832 | D:4      | 1832 ||| Stepping ~*~*~tactically~*~*~ (outnumbered).
  1833 | D:4      | 1833 ||| Stepping ~*~*~tactically~*~*~ (outnumbered).
  1835 | D:4      | 1835 ||| Stepping ~*~*~tactically~*~*~ (outnumbered).
  1836 | D:4      | Killed a black bear
  1837 | D:4      | Reached skill level 6 in Unarmed Combat
  1838 | D:4      | Reached XP level 6. HP: 50/59 MP: 6/6
  1949 | D:4      | Reached skill level 7 in Unarmed Combat
  2011 | D:4      | 2011 ||| Stepping ~*~*~tactically~*~*~ (stealth).
  2012 | D:4      | 2012 ||| Stepping ~*~*~tactically~*~*~ (stealth).
  2013 | D:4      | 2013 ||| Stepping ~*~*~tactically~*~*~ (stealth).
  2015 | D:4      | 2015 ||| Stepping ~*~*~tactically~*~*~ (outnumbered).
  2016 | D:4      | 2016 ||| Stepping ~*~*~tactically~*~*~ (outnumbered).
  2017 | D:4      | 2017 ||| Stepping ~*~*~tactically~*~*~ (outnumbered).
  2018 | D:4      | 2018 ||| Stepping ~*~*~tactically~*~*~ (stealth).
  2019 | D:4      | 2019 ||| Stepping ~*~*~tactically~*~*~ (outnumbered).
  2020 | D:4      | 2020 ||| Stepping ~*~*~tactically~*~*~ (outnumbered).
  2025 | D:4      | 2025 ||| Stepping ~*~*~tactically~*~*~ (stealth).
  2027 | D:4      | 2027 ||| Stepping ~*~*~tactically~*~*~ (stealth).
  2028 | D:4      | 2028 ||| Stepping ~*~*~tactically~*~*~ (stealth).
  2030 | D:4      | 2030 ||| Stepping ~*~*~tactically~*~*~ (outnumbered).
  2031 | D:4      | 2031 ||| Stepping ~*~*~tactically~*~*~ (outnumbered).
  2032 | D:4      | 2032 ||| Stepping ~*~*~tactically~*~*~ (outnumbered).
  2033 | D:4      | 2033 ||| Stepping ~*~*~tactically~*~*~ (outnumbered).
  2034 | D:4      | 2034 ||| Stepping ~*~*~tactically~*~*~ (outnumbered).
  2035 | D:4      | 2035 ||| Stepping ~*~*~tactically~*~*~ (outnumbered).
  2098 | D:4      | Found a hide-covered altar of Uskayaw.
  2098 | D:4      | Found a hazy altar of Hepliaklqana.
  2098 | D:4      | Found a white marble altar of Elyvilon.
  2098 | D:4      | Found a shadowy altar of Dithmenos.
  2099 | D:4      | Found a broken altar of Ashenzari.
  2099 | D:4      | Found a snail-covered altar of Cheibriados.
  2100 | D:4      | Found a bloodstained altar of Trog.
  2100 | D:4      | Found a glowing silver altar of Zin.
  2100 | D:4      | Found a shimmering altar of Xom.
  2140 | D:4      | 2140 ||| Stepping ~*~*~tactically~*~*~ (hiding).
  2160 | D:4      | Noticed a steam dragon
  2165 | D:4      | Killed a steam dragon
  2166 | D:4      | Reached skill level 8 in Unarmed Combat
  2166 | D:4      | Reached XP level 7. HP: 56/66 MP: 7/7
  2282 | D:4      | 2282 ||| Stepping ~*~*~tactically~*~*~ (stealth).
  2314 | D:4      | Found a sand-covered staircase.
  2315 | D:4      | 2315 ||| UPGRADING to +0 cloak.
  2320 | D:4      | 2320 ||| UPGRADING to +0 steam dragon scales.
  2330 | D:4      | 2330 ||| DROPPING +0 robe.
  2331 | D:4      | 2331 ||| READING scroll labelled DIMEALU JAYHI.
  2335 | D:4      | 2335 ||| READING scroll labelled RITIP ZUS SENU.
  2336 | D:4      | 2336 ||| DRINKING 2 fizzy pink potions.
  2378 | D:4      | 2378 ||| DROPPING potion of lignification.
  2409 | Ossuary  | Entered an ossuary
  2601 | Ossuary  | 2601 ||| Stepping ~*~*~tactically~*~*~ (outnumbered).
  2602 | Ossuary  | 2602 ||| Stepping ~*~*~tactically~*~*~ (outnumbered).
  2604 | Ossuary  | 2604 ||| INVOKING Fiery Armour.
  2605 | Ossuary  | 2605 ||| Stepping ~*~*~tactically~*~*~ (outnumbered).
  2614 | Ossuary  | Reached skill level 1 in Armour
  2647 | Ossuary  | Reached skill level 3 in Fighting
  2769 | Ossuary  | 2769 ||| Stepping ~*~*~tactically~*~*~ (stealth).
  2777 | Ossuary  | 2777 ||| Stepping ~*~*~tactically~*~*~ (outnumbered).
  2849 | Ossuary  | 2849 ||| READING scroll labelled IMMYIJ NATE.
  2850 | Ossuary  | 2850 ||| READING 2 scrolls labelled IPOFFA ZUOTTUMN.
  2851 | Ossuary  | 2851 ||| DRINKING 2 lumpy emerald potions.
  2851 | Ossuary  | Gained mutation: You are agile. (Dex +4, Str/Int -1)
                  | [potion of mutation]
  2851 | Ossuary  | Gained mutation: Your spells are a little harder to cast,
                  | but a little more powerful. [potion of mutation]
  2852 | Ossuary  | 2852 ||| DRINKING 3 black potions.
  2853 | Ossuary  | 2853 ||| DROPPING 2 potions of flight.
  2865 | D:4      | 2865 ||| PLANNING D:1-11
  2909 | D:5      | Entered Level 5 of the Dungeon
  2932 | D:5      | Noticed Ijyb
  2941 | D:5      | Killed Ijyb
  2942 | D:5      | Reached skill level 1 in Dodging
  3050 | D:5      | Reached skill level 9 in Unarmed Combat
  3050 | D:5      | Reached XP level 8. HP: 71/75 MP: 8/8
  3074 | D:5      | Found a runed translucent door.
  3075 | D:5      | Noticed Crazy Yiuf
  3319 | D:5      | 3319 ||| Stepping ~*~*~tactically~*~*~ (outnumbered).
  3320 | D:5      | 3320 ||| Stepping ~*~*~tactically~*~*~ (outnumbered).
  3321 | D:5      | 3321 ||| Stepping ~*~*~tactically~*~*~ (outnumbered).
  3322 | D:5      | 3322 ||| Stepping ~*~*~tactically~*~*~ (outnumbered).
  3323 | D:5      | 3323 ||| Stepping ~*~*~tactically~*~*~ (outnumbered).
  3324 | D:5      | 3324 ||| Stepping ~*~*~tactically~*~*~ (outnumbered).
  3404 | D:5      | Reached skill level 10 in Unarmed Combat
  3458 | D:5      | 3458 ||| Stepping ~*~*~tactically~*~*~ (hiding).
  3459 | D:5      | 3459 ||| Stepping ~*~*~tactically~*~*~ (hiding).
  3460 | D:5      | 3460 ||| Stepping ~*~*~tactically~*~*~ (hiding).
  3461 | D:5      | 3461 ||| Stepping ~*~*~tactically~*~*~ (hiding).
  3462 | D:5      | 3462 ||| Stepping ~*~*~tactically~*~*~ (hiding).
  3505 | D:5      | Noticed Pikel
  3506 | D:5      | 3506 ||| Stepping ~*~*~tactically~*~*~ (stealth).
  3512 | D:5      | 3512 ||| Stepping ~*~*~tactically~*~*~ (outnumbered).
  3513 | D:5      | 3513 ||| Stepping ~*~*~tactically~*~*~ (outnumbered).
  3514 | D:5      | 3514 ||| Stepping ~*~*~tactically~*~*~ (outnumbered).
  3515 | D:5      | 3515 ||| Stepping ~*~*~tactically~*~*~ (outnumbered).
  3516 | D:5      | 3516 ||| Stepping ~*~*~tactically~*~*~ (outnumbered).
  3517 | D:5      | 3517 ||| Stepping ~*~*~tactically~*~*~ (outnumbered).
  3518 | D:5      | 3518 ||| Stepping ~*~*~tactically~*~*~ (outnumbered).
  3520 | D:5      | Killed Pikel
  3769 | D:5      | 3769 ||| DROPPING +6 ring of intelligence.
  3770 | D:5      | 3770 ||| UPGRADING to ring of positive energy.
  3771 | D:5      | 3771 ||| UPGRADING to +4 ring of evasion.
  3772 | D:5      | 3772 ||| READING scroll labelled UHIXTA FULASU.
  3773 | D:5      | 3773 ||| READING scroll labelled TIM PELOR IHO.
  3774 | D:5      | 3774 ||| READING scroll labelled MOZUWINEHE.
  3775 | D:5      | 3775 ||| DRINKING 2 white potions.
  3776 | D:5      | 3776 ||| READING 2 scrolls of identify.
  3776 | D:5      | 3776 ||| IDENTIFYING grey potion
  3777 | D:5      | 3777 ||| DROPPING potion of degeneration.
  3820 | D:6      | 3820 ||| Stepping ~*~*~tactically~*~*~ (hiding).
  3821 | D:6      | 3821 ||| Stepping ~*~*~tactically~*~*~ (hiding).
  3822 | D:6      | 3822 ||| Stepping ~*~*~tactically~*~*~ (hiding).
  3826 | D:6      | 3826 ||| STAIRDANCE
  3994 | D:6      | 3994 ||| STAIRDANCE
  3999 | D:5      | Reached XP level 9. HP: 88/88 MP: 9/9
  4063 | D:6      | 4063 ||| STAIRDANCE
  4138 | D:6      | 4138 ||| STAIRDANCE
  4236 | D:6      | 4236 ||| Stepping ~*~*~tactically~*~*~ (hiding).
  4242 | D:6      | 4242 ||| Stepping ~*~*~tactically~*~*~ (hiding).
  4246 | D:6      | 4246 ||| INVOKING Fiery Armour.
  4247 | D:6      | 4247 ||| Stepping ~*~*~tactically~*~*~ (outnumbered).
  4248 | D:6      | 4248 ||| Stepping ~*~*~tactically~*~*~ (hiding).
  4252 | D:6      | 4252 ||| Stepping ~*~*~tactically~*~*~ (outnumbered).
  4254 | D:6      | 4254 ||| FLEEEEING.
  4256 | D:6      | 4256 ||| Stepping ~*~*~tactically~*~*~ (outnumbered).
  4257 | D:6      | 4257 ||| Stepping ~*~*~tactically~*~*~ (outnumbered).
  4258 | D:6      | 4258 ||| Stepping ~*~*~tactically~*~*~ (outnumbered).
  4259 | D:6      | 4259 ||| Stepping ~*~*~tactically~*~*~ (outnumbered).
  4349 | D:6      | 4349 ||| INVOKING Fiery Armour.
  4354 | D:6      | 4354 ||| Stepping ~*~*~tactically~*~*~ (outnumbered).
  4357 | D:6      | Reached skill level 11 in Unarmed Combat
  4357 | D:6      | 4357 ||| Stepping ~*~*~tactically~*~*~ (outnumbered).
  4386 | D:6      | 4386 ||| Stepping ~*~*~tactically~*~*~ (outnumbered).
  4387 | D:6      | 4387 ||| Stepping ~*~*~tactically~*~*~ (outnumbered).
  4388 | D:6      | 4388 ||| Stepping ~*~*~tactically~*~*~ (outnumbered).
  4389 | D:6      | 4389 ||| Stepping ~*~*~tactically~*~*~ (outnumbered).
  4390 | D:6      | 4390 ||| Stepping ~*~*~tactically~*~*~ (outnumbered).
  4391 | D:6      | 4391 ||| Stepping ~*~*~tactically~*~*~ (outnumbered).
  4392 | D:6      | 4392 ||| Stepping ~*~*~tactically~*~*~ (outnumbered).
  4722 | D:6      | Found an ornate altar of the Wu Jian Council.
  4776 | D:6      | 4776 ||| DRINKING 3 sapphire potions.
  4777 | D:6      | 4777 ||| READING 2 scrolls of identify.
  4777 | D:6      | 4777 ||| IDENTIFYING clear potion
  4778 | D:6      | 4778 ||| DROPPING potion of berserk rage.
  4781 | D:7      | Noticed Menkaure
  4782 | D:7      | 4782 ||| STAIRDANCE
  4784 | D:6      | Killed Menkaure
  4785 | D:6      | Reached skill level 1 in Throwing
  4819 | D:7      | 4819 ||| Stepping ~*~*~tactically~*~*~ (stealth).
  4821 | D:7      | 4821 ||| Stepping ~*~*~tactically~*~*~ (stealth).
  4823 | D:7      | 4823 ||| Stepping ~*~*~tactically~*~*~ (hiding).
  4920 | D:7      | Noticed Maggie
  4930 | D:7      | Killed Maggie
  4931 | D:7      | Reached skill level 12 in Unarmed Combat
  5056 | D:7      | 5056 ||| INVOKING Fiery Armour.
  5057 | D:7      | 5057 ||| Stepping ~*~*~tactically~*~*~ (outnumbered).
  5058 | D:7      | 5058 ||| Stepping ~*~*~tactically~*~*~ (outnumbered).
  5061 | D:7      | 5061 ||| Stepping ~*~*~tactically~*~*~ (outnumbered).
  5342 | D:7      | Found a staircase to the Ecumenical Temple.
  5369 | D:7      | 5369 ||| UPGRADING to +0 acid dragon scales.
  5379 | D:7      | 5379 ||| DROPPING +0 steam dragon scales.
  5380 | D:7      | 5380 ||| UPGRADING to ring of protection from fire.
  5382 | D:7      | 5382 ||| READING 2 scrolls of identify.
  5382 | D:7      | 5382 ||| IDENTIFYING green potion
  5420 | D:8      | Noticed Joseph
  5431 | D:8      | Killed Joseph
  5432 | D:8      | Reached XP level 10. HP: 64/96 MP: 10/10
  5465 | D:8      | 5465 ||| Stepping ~*~*~tactically~*~*~ (stealth).
  5468 | D:8      | 5468 ||| Stepping ~*~*~tactically~*~*~ (stealth).
  5477 | D:8      | 5477 ||| FLEEEEING.
  5482 | D:8      | 5482 ||| Stepping ~*~*~tactically~*~*~ (stealth).
  5487 | D:8      | 5487 ||| FLEEEEING.
  5488 | D:8      | 5488 ||| FLEEEEING.
  5489 | D:8      | 5489 ||| FLEEEEING.
  5490 | D:8      | 5490 ||| STAIRDANCE
  5501 | D:8      | 5501 ||| STAIRDANCE
  5513 | D:7      | Reached skill level 13 in Unarmed Combat
  5614 | D:8      | Noticed a death yak
  5615 | D:8      | 5615 ||| Stepping ~*~*~tactically~*~*~ (stealth).
  5618 | D:8      | 5618 ||| INVOKING Fiery Armour.
  5619 | D:8      | Noticed a death yak
  5623 | D:8      | 5623 ||| Stepping ~*~*~tactically~*~*~ (outnumbered).
  5626 | D:8      | Noticed a death yak
  5627 | D:8      | 5627 ||| Stepping ~*~*~tactically~*~*~ (stealth).
  5628 | D:8      | Killed a death yak
  5636 | D:8      | Killed a death yak
  5637 | D:8      | Reached skill level 14 in Unarmed Combat
  5646 | D:8      | Killed a death yak
  5647 | D:8      | Reached skill level 6 in Fighting
  5652 | D:8      | Found a staircase to the Lair.
  5693 | D:8      | Found a blossoming altar of Fedhas.
  5796 | D:8      | Noticed Prince Ribbit
  5797 | D:8      | 5797 ||| Stepping ~*~*~tactically~*~*~ (hiding).
  5808 | D:8      | Killed Prince Ribbit
  6070 | D:8      | Found a radiant altar of Vehumet.
  6071 | D:8      | 6071 ||| INVOKING Fiery Armour.
  6203 | D:8      | 6203 ||| PLANNING LAIR
  6203 | D:8      | 6203 ||| DROPPING ring of wizardry.
  6204 | D:8      | 6204 ||| READING scroll labelled VIUSHA YMAYCVOU.
  6205 | D:8      | 6205 ||| DRINKING 2 blue potions.
  6206 | D:8      | 6206 ||| READING 2 scrolls of identify.
  6206 | D:8      | 6206 ||| IDENTIFYING orange potion
  6207 | D:8      | 6207 ||| DROPPING potion of attraction.
  6208 | D:8      | 6208 ||| READING 2 scrolls of teleportation.
  6262 | Lair:1   | Entered Level 1 of the Lair of Beasts
  6264 | Lair:1   | 6264 ||| Stepping ~*~*~tactically~*~*~ (outnumbered).
  6363 | Lair:1   | Reached XP level 11. HP: 60/107 MP: 11/11
  6364 | Lair:1   | 6364 ||| INVOKING Fiery Armour.
  6371 | Lair:1   | HP: 23/107 [black mamba (4)]
  6371 | Lair:1   | HP: 2/107 [yak (10)]
  6372 | Lair:1   | 6372 ||| READING scroll of teleportation.
  6372 | Lair:1   | Mangled by a black mamba

Levels and vault maps discovered:
D:1:      dpeg_arrival_prison, layout_rooms,
          ebering_ecumenical_altar_sacrificial, minmay_bisected
D:2:      layout_loops_ring, basic_altar
D:3:      layout_basic
D:4:      layout_rooms, nicolae_overflows_in_rows, gup_ossuary_entry_pyramid
D:5:      layout_gridville, serial_rivers, chequers_serial_rivers_room_b,
          chequers_serial_rivers_micro_c, chequers_serial_rivers_micro_d,
          chequers_serial_rivers_small_b, uniq_pikel, uniq_crazy_yiuf_cottage,
          uniq_ijyb
D:6:      layout_rooms, pdpol_wu_jian_five_deadly_venoms, dk_vineyard_3
D:7:      layout_basic, minmay_temple_entry_nine_rooms, uniq_menkaure,
          uniq_maggie
D:8:      layout_basic, vehumet_statue, mainiacjoe_overflow_catwalk,
          dpeg_lair_monsters, uniq_joseph, uniq_prince_ribbit1
Lair:1:   layout_hall_layers, fungi_pond_lemuel

Skill      XL: |  1  2  3  4  5  6  7  8  9 10 |
---------------+-------------------------------+-----
Unarmed Combat | 4 5 6 8 9 10 12 14 | 14.7
Armour         | 1 2 |  2.5
Fighting       | 3 5 6 |  6.5
Dodging        | 1 2 |  2.1
Throwing       | 1 |  1.6
Spellcasting   | |  1.0
Fire Magic     | |  2.1

Action                   |  1- 3 |  4- 6 |  7- 9 | 10-12 || total
-------------------------+-------+-------+-------+-------++-------
Melee: Unarmed           |   117 |    85 |   286 |    85 ||   573
       Punch             |     2 |       |    10 |     6 ||    18
Throw: Boomerang         |       |       |     8 |    14 ||    22
Invok: Fiery Armour      |       |     1 |     4 |     3 ||     8
  Use: Scroll            |     2 |     1 |    10 |     4 ||    17
       Potion            |     1 |       |     5 |     1 ||     7
Armor: Robe              |    28 |    30 |       |       ||    58
       Steam dragon scal |       |       |   107 |       ||   107
       Acid dragon scale |       |       |     1 |    39 ||    40
Dodge: Dodged            |    38 |    35 |   113 |    55 ||   241

Table legend:
 A = Non-vault XP
 B = Vault XP
 C = Vault XP percentage of total XP
 D = Non-vault monster count
 E = Vault monster count
 F = Vault count percentage of total count
                 A         B        C        D         E       F
            +---------+---------+-------+---------+---------+-------
      Total |    5667 |    5367 |  48.6 |     153 |      60 |  28.2
            +---------+---------+-------+---------+---------+-------
        D:1 |      33 |      11 |  25.0 |      20 |       7 |  25.9
        D:2 |      18 |       0 |   0.0 |      11 |       0 |   0.0
        D:3 |      78 |       0 |   0.0 |      21 |       0 |   0.0
        D:4 |     656 |      18 |   2.7 |      19 |       1 |   5.0
        D:5 |     915 |     622 |  40.5 |      19 |       2 |   9.5
        D:6 |     946 |     172 |  15.4 |      25 |       1 |   3.8
        D:7 |    1302 |     376 |  22.4 |      26 |       1 |   3.7
        D:8 |    1164 |    3779 |  76.5 |       8 |       9 |  52.9
     Lair:1 |     555 |       0 |   0.0 |       4 |       0 |   0.0
    Ossuary |       0 |     389 | 100.0 |       0 |      39 | 100.0
            +---------+---------+-------+---------+---------+-------
